 Dungeon Crawl Stone Soup version 0.26-a0-660-gc07710193c (webtiles) character file.

Game seed: 4450799151237459364

33 flotson the Chopper (level 3, -2/34 HPs)
             Began as a Deep Dwarf Berserker on Oct 8, 2020.
             Was a Follower of Trog.
             Slain by a gnoll
             ... wielding a +0 whip
              (4 damage)
             ... on level 2 of the Dungeon.
             The game lasted 00:01:12 (702 turns).

flotson the Chopper (Deep Dwarf Berserker)           Turns: 702, Time: 00:01:13

Health: -2/34      AC:  3    Str: 21    XL:     3   Next: 12%
Magic:  3/3        EV:  9    Int:  7    God:    Trog [*.....]
Gold:   33         SH:  7    Dex: 12    Spells: 2/2 levels left

rFire    . . .     SeeInvis .   a - +0 hand axe
rCold    . . .     Faith    .   c - +0 kite shield
rNeg     . . .     Spirit   .   e - +0 leather armour
rPois    .         Reflect  .   (no helmet)
rElec    .         Harm     .   (no cloak)
rCorr    .         Rampage  .   (no gloves)
MR       .....                  (no boots)
Stlth    +.........             (no amulet)
HPRegen  0.00/turn              (no ring)
MPRegen  0.08/turn              (no ring)

@: non-regenerating
A: damage resistance, heal wounds, sense surroundings 1, no regeneration
a: Heal Wounds, Berserk, Renounce Religion


You were on level 2 of the Dungeon.
You worshipped Trog.
Trog was aware of your devotion.
You visited 1 branch of the dungeon, and saw 2 of its levels.

You collected 33 gold pieces.

Inventory:

Hand Weapons
 a - a +0 hand axe (weapon)
 g - a +2 whip of holy wrath
 h - a +0 short sword of distortion
Armour
 c - a +0 kite shield (worn)
 e - a +0 leather armour (worn)
Scrolls
 i - a scroll of blinking {unknown}
 j - a scroll of identify {unknown}
 k - a scroll of teleportation {unknown}
Potions
 b - a potion of haste {unknown}
 d - a potion of stabbing {unknown}
 f - a potion of flight {unknown}


   Skills:
 + Level 3.3 Fighting
 + Level 3.8 Axes
 + Level 2.2 Armour
 + Level 2.4 Dodging
 + Level 0.2 Shields


You had 2 spell levels left.
You didn't know any spells.
Your spell library was empty.

Dungeon Overview and Level Annotations

Branches:
Dungeon (2/15)

Altars:


Innate Abilities, Weirdness & Mutations

You are resistant to damage.
You can heal yourself by infusing magical energy.
You passively map a small area around you.
You do not regenerate.


Message History

You block the bat's attack.
You climb upwards.
There is a stone staircase leading down here.
You start waiting.
Done waiting.
You start waiting.
Done waiting.
You climb downwards.
A gnoll comes into view. It is wielding a +0 spear.
The bat hits you but does no damage. x2; The gnoll hits you!
* * * LOW HITPOINT WARNING * * *
The bat hits you but does no damage. The gnoll hits you with a +0 whip.
* * * LOW HITPOINT WARNING * * *
There is a stone staircase leading up here.
The bat hits you but does no damage. The gnoll hits you.
* * * LOW HITPOINT WARNING * * *
The gnoll hits you from afar with a +0 halberd.
* * * LOW HITPOINT WARNING * * *
The gnoll hits you with a +0 whip.
You die...

, , * ,..#** ,
#.# , ,, , #.#
, , ,, * .g# *
, * ,**##.# * *
[ , ..# * ,
..#####.### * ,
, .......@g.# *
, .###.b#g#.#*
*
......gr#.###.#
*
.###..#........
,
.....#.#.###..
* * ####.,....#
, * ####.###
#.# * , #.# *
,,


You could see 4 gnolls, a bat and a rat.

Vanquished Creatures
  A gnoll (D:1)
  2 leopard geckos (D:1)
  A ball python (D:1)
  2 giant cockroaches (D:1)
  2 goblins (D:1)
  A hobgoblin (D:1)
  4 kobolds (D:1)
  A bat (D:1)
  3 frilled lizards (D:1)
  6 rats (D:1)
23 creatures vanquished.

Notes
Turn   | Place    | Note
-------+----------+-------------------------------------------
     0 | D:1      | flotson the Deep Dwarf Berserker began the quest for the
                  | Orb.
     0 | D:1      | Reached XP level 1. HP: 20/20 MP: 1/1
   167 | D:1      | Reached XP level 2. HP: 25/27 MP: 2/2
   351 | D:1      | Reached XP level 3. HP: 31/34 MP: 3/3
   702 | D:2      | Slain by a gnoll

Illustrated notes

Levels and vault maps discovered:
D:1:      evilmike_arrival_plus, layout_basic
D:2:      layout_loops_cross, nicolae_dithmenos_shadow_blocks

Skill      XL: |  1  2 |
---------------+-------+-----
Fighting       | 3 |  3.3
Axes           | |  3.8
Armour         | |  2.2
Dodging        | |  2.4
Shields        | |  0.2

Action                   || total
-------------------------++-------
Melee: Hand axe          ||    48
Armor: Leather armour    ||    13
       Animal skin       ||     2
Dodge: Dodged            ||    15
Block: Kite shield       ||    18

Table legend: (Time is in decaauts)
 A = Elapsed time spent in this place.
 B = Non-inter-level travel time spent in this place.
 C = Inter-level travel time spent in this place.
 D = Time resting spent in this place.
 E = Time spent auto-exploring this place.
 F = Levels seen in this place.
 G = Mean time per level.
                   A        B        C        D        E       F      G
               +--------+--------+--------+--------+--------+-----+--------+
         Total |    713 |    694 |     19 |    200 |    325 |   2 |  356.5 |
       Dungeon |    713 |    694 |     19 |    200 |    325 |   2 |  356.5 |
               +--------+--------+--------+--------+--------+-----+--------+

Top non-repeatable levels by time:
     D:1: 696 daAuts
     D:2: 16 daAuts
